 Dungeon Crawl Stone Soup version 0.31.0-11-ge490571c62 (webtiles) character file.

Game seed: 2549064534584071361

74 qw the Shooter (level 4, -1/25 HPs)
             Began as a Deep Elf Hunter on Feb 4, 2024.
             Frozen to death by an endoplasm (4 damage)
             ... on level 2 of the Dungeon.
             The game lasted 00:00:04 (884 turns).

qw the Shooter (Deep Elf Hunter)                     Turns: 884, Time: 00:00:05

Health: -1/25      AC:  6    Str: 10    XL:     4   Next: 10%
Magic:  6/6        EV: 11    Int: 14    God:
Gold:   93         SH:  0    Dex: 18    Spells: 3/3 levels left

rFire   . . .        a - +0 shortbow
rCold   . . .        (shield currently unavailable)
rNeg    . . .        d - +0 ring mail
rPois   .            (no helmet)
rElec   .            b - +0 cloak
rCorr   .            (no gloves)
SInv    .            (no boots)
Will    .....        (no amulet)
Stlth   +            (no ring)
HPRegen 0.24/turn    (no ring)
MPRegen 0.10/turn

%: no passive effects
@: no status effects
A: no striking features
a: no special abilities


You were on level 2 of the Dungeon.
You visited 1 branch of the dungeon, and saw 2 of its levels.

You collected 93 gold pieces.


   Skills:
 - Level 1.5 Fighting
 + Level 7.5 Ranged Weapons
 - Level 2.4 Dodging
 - Level 1.2 Stealth


You had 3 spell levels left.
You didn't know any spells.
Your spell library was empty.

Inventory:

Hand Weapons
 a - a +0 shortbow (weapon)
Armour
 b - a +0 cloak (worn)
 d - a +0 ring mail (worn)
Potions
 c - a potion of cancellation

Dungeon Overview and Level Annotations

Branches:
Dungeon (2/15)

Altars:
Makhleb

Shops:
D:1 !


Message History

The quokka is severely wounded.
You shoot an arrow. The arrow hits the quokka.
You kill the quokka!
An endoplasm comes into view.
An endoplasm is nearby!
An endoplasm is nearby!
Enter note:
Enter note: The endoplasm hits you but does no damage.
You shoot an arrow. The arrow hits the endoplasm.
The endoplasm is lightly wounded.
The endoplasm freezes you.
You are frozen.
You shoot an arrow. The arrow barely misses the endoplasm.
The endoplasm freezes you.
You are frozen.
You shoot an arrow. The arrow hits the endoplasm.
The endoplasm is moderately wounded.
The endoplasm freezes you.
You are frozen.
The endoplasm freezes you.
You are frozen.
You shoot an arrow.
The arrow completely misses the endoplasm.
The endoplasm freezes you.
You are frozen.
You shoot an arrow.
The arrow hits the endoplasm but does no damage.
The endoplasm is moderately wounded.
The endoplasm closely misses you.
You shoot an arrow. The arrow hits the endoplasm.
The endoplasm is heavily wounded.
The endoplasm freezes you.
You are frozen.
You shoot an arrow.
The arrow hits the endoplasm but does no damage.
The endoplasm is heavily wounded.
The endoplasm freezes you.
You are frozen.
You die...

#....# #.)..## #)....####
#.###....# .# #.###.##.## .#
###++####.....##..#
.###.#...##..#######.##
.#...........# ##.##..#####
.#.#.<.#.....###@#.##.....#
.#.#...#.....##J#.#.#####.#
.#.#.#.#.#.###.#.#.#.## #.#
.#..<....#.##.#.###.#.###.###
..#####..###.#.##.##.#.##...#
.........##.#.##.#.##.#.###.##
...###..##.#.##.#.#.##.#.##..##
.#..#..##.#.##.#.#.#.##.#.##..#
.#....# .##.#.##..#.##.#.##.#


You could see an endoplasm.

Vanquished Creatures
  A gnoll (D:2)
  2 adders (D:2)
  A dart slug (D:1)
  A ribbon worm (D:2)
  5 ball pythons (D:1)
  4 endoplasms
  A giant cockroach (D:2)
  5 goblins
  2 hobgoblins (D:2)
  6 jackals
  A quokka (D:2)
  4 bats
  4 frilled lizards
  2 kobolds
39 creatures vanquished.

Notes
Turn   | Place    | Note
-------+----------+-------------------------------------------
     0 | D:1      | qw the Deep Elf Hunter began the quest for the Orb.
     0 | D:1      | Reached XP level 1. HP: 12/12 MP: 3/3
     0 | D:1      | 0 ||| qw: Version: 0.3-a-160-g6735b56
     0 | D:1      | 0 ||| qw: Game counter: 5621
     0 | D:1      | 0 ||| qw: Melee chars always use a shield: true
     0 | D:1      | 0 ||| qw: God list: Okawaru
     0 | D:1      | 0 ||| qw: Allow faded altars: false
     0 | D:1      | 0 ||| qw: Do Orc after clearing Dungeon:15 true
     0 | D:1      | 0 ||| qw: Do second Lair branch before Depths: true
     0 | D:1      | 0 ||| qw: Lair rune preference: random
     0 | D:1      | 0 ||| qw: Goals: Normal
     0 | D:1      | 0 ||| PLANNING D:1-11
     9 | D:1      | Found Dewiz's Distillery.
    81 | D:1      | 81 ||| SHOPLISTING 2 potions of haste (240 gold, have 8).
    81 | D:1      | 81 ||| SHOPLISTING potion of cancellation (96 gold, have
                  | 8).
    81 | D:1      | 81 ||| SHOPLISTING potion of curing (36 gold, have 8).
    81 | D:1      | 81 ||| SHOPLISTING potion of heal wounds (60 gold, have 8).
   111 | D:1      | Reached skill level 6 in Ranged Weapons
   111 | D:1      | Reached XP level 2. HP: 16/16 MP: 4/4
   376 | D:1      | 376 ||| UPGRADING to +0 ring mail.
   386 | D:1      | 386 ||| DROPPING +0 leather armour.
   387 | D:1      | 387 ||| READING scroll labelled UNTU ODEXKUALI.
   388 | D:1      | 388 ||| READING 3 scrolls labelled KAVVYT DARUGOPN.
   388 | D:1      | 388 ||| IDENTIFYING 2 smoky silvery potions
   389 | D:1      | 389 ||| DROPPING scroll of butterflies.
   390 | D:1      | 390 ||| DROPPING 2 potions of brilliance.
   547 | D:2      | 547 ||| RETREEEEATING.
   548 | D:2      | 548 ||| RETREEEEATING.
   554 | D:2      | Reached XP level 3. HP: 20/20 MP: 5/5
   583 | D:2      | HP: 5/20 [poisoned by an adder]
   585 | D:2      | Reached skill level 7 in Ranged Weapons
   587 | D:2      | HP: 2/20 [poisoned by an adder]
   693 | D:2      | Found a burning altar of Makhleb.
   769 | D:2      | 769 ||| UPGRADING to +0 cloak.
   792 | D:2      | 792 ||| READING 2 scrolls of identify.
   792 | D:2      | 792 ||| IDENTIFYING scroll labelled ECE ZISIDGHIBAR
   793 | D:2      | 793 ||| DROPPING scroll of fog.
   801 | D:2      | Reached XP level 4. HP: 17/25 MP: 6/6
   857 | D:2      | 857 ||| READING scroll of identify.
   857 | D:2      | 857 ||| IDENTIFYING puce potion
   881 | D:2      | HP: 5/25 [frozen (4)]
   884 | D:2      | Frozen to death by an endoplasm

Levels and vault maps discovered:
D:1:      saegor_arrival_miasma, layout_rooms, serial_shops, shop
D:2:      minmay_inner_zag, layout_basic, basic_altar, kennysheep_generic_room_7

Skill      XL: |  1  2  3 |
---------------+----------+-----
Ranged Weapons | 6 7 |  7.5
Fighting       | |  1.5
Dodging        | |  2.4
Stealth        | |  1.2

Action                     |  1- 3 |  4- 6 || total
---------------------------+-------+-------++-------
   Fire: Shortbow          |    97 |    17 ||   114
    Use: Scroll            |     3 |     1 ||     4
 Armour: Leather armour    |    13 |       ||    13
         Ring mail         |    27 |     5 ||    32
  Dodge: Dodged            |    43 |     8 ||    51

Table legend:
 A = Non-vault XP
 B = Vault XP
 C = Vault XP percentage of total XP
 D = Non-vault monster count
 E = Vault monster count
 F = Vault count percentage of total count
                 A         B        C        D         E       F
            +---------+---------+-------+---------+---------+-------
      Total |      84 |      23 |  21.5 |      33 |       6 |  15.4
            +---------+---------+-------+---------+---------+-------
        D:1 |      30 |       0 |   0.0 |      18 |       0 |   0.0
        D:2 |      54 |      23 |  29.9 |      15 |       6 |  28.6
            +---------+---------+-------+---------+---------+-------
